 Dungeon Crawl Stone Soup version 0.21.1-1-g345015f (webtiles) character file.

9993 shakethe the Cleaver (level 11, -1/82 (83) HPs)
             Began as a Formicid Abyssal Knight on Feb 7, 2018.
             Was a High Priest of Lugonu.
             Killed by the air
             ... invoked by Gastronok
              (25 damage)
             ... on level 11 of the Dungeon.
             The game lasted 00:48:38 (14212 turns).

shakethe the Cleaver (Formicid Abyssal Knight)     Turns: 14212, Time: 00:48:39

HP:   -1/82 (83)    AC: 17    Str: 17    XL:     11   Next: 84%
MP:   27/27         EV:  7    Int: 12    God:    Lugonu [*****.]
Gold: 505           SH:  4    Dex: 13    Spells: 10/10 levels left

rFire    . . .     SeeInvis +   H - +5 battleaxe
rCold    + . .     Gourm    .   C - +0 buckler
rNeg     . . .     Faith    +   k - +0 plate armour
rPois    +         Spirit   .   (helmet unavailable)
rElec    .         Reflect  .   M - +1 cloak {rPois}
rCorr    .         Harm     .   g - +1 pair of gloves
MR       +....                  (no boots)
Stlth    ..........             l - amulet of faith
HPRegen  0.23/turn              u - ring of magical power
MPRegen  0.20/turn              I - ring of protection from cold

@: no status effects
A: permanent stasis, dig shafts and tunnels, four strong arms, antennae 3
a: Dig, Shaft Self, Depart the Abyss, Bend Space, Banish, Corrupt, Enter the
Abyss, Renounce Religion


You were on level 11 of the Dungeon.
You worshipped Lugonu.
Lugonu was extremely pleased with you.
You were not hungry.

You visited 1 branch of the dungeon, and saw 11 of its levels.
You visited the Abyss 1 time.

You collected 505 gold pieces.

Inventory:

Hand Weapons
 a - a +1 hand axe
 G - a +2 morningstar
 H - a +5 battleaxe (weapon)
Armour
 g - a +1 pair of gloves (worn)
 k - a +0 plate armour (worn)
 C - a +0 buckler (worn)
 M - a +1 cloak of poison resistance (worn)
Jewellery
 l - an amulet of faith (around neck)
 q - an uncursed ring of ice
 u - a ring of magical power (left hand)
 y - a +3 ring of intelligence
 F - an uncursed ring of wizardry
 I - a ring of protection from cold (right hand)
 J - an uncursed amulet of magic regeneration
Wands
 w - a wand of random effects (174)
 E - a wand of paralysis (42)
Scrolls
 b - a scroll of amnesia {unknown}
 d - 2 scrolls of remove curse
 f - 6 scrolls of identify
 i - 5 scrolls of magic mapping
 n - 4 scrolls of teleportation
 r - 2 scrolls of fear
 t - a scroll of immolation
 K - 4 scrolls of summoning {unknown}
Potions
 e - a potion of heal wounds
 h - 5 potions of degeneration
 m - a potion of agility {unknown}
 o - a potion of invisibility
 p - 3 potions of flight
 v - 2 potions of might {unknown}
 x - a potion of berserk rage {unknown}
 z - 3 potions of curing
 A - 2 potions of cancellation {unknown}
 B - a potion of brilliance {unknown}
Books
 j - Sif Muna's Compendium of Lightness and Heat
   (You found it on level 5 of the Dungeon)

   Spells                             Type                      Level
   a - Static Discharge               Conjuration/Air              3
   b - Inner Flame                    Hexes/Fire                   3
 s - a book of Changes

   Spells                             Type                      Level
   a - Beastly Appendage              Transmutation                1
   b - Sticks to Snakes               Transmutation                2
   c - Spider Form                    Transmutation/Poison         3
   d - Ice Form                       Ice/Transmutation            4
   e - Blade Hands                    Transmutation                5
 D - a book of Cantrips

   Spells                             Type                      Level
   a - Confusing Touch                Hexes                        1
   b - Animate Skeleton               Necromancy                   1
   c - Summon Small Mammal            Summoning                    1
   d - Apportation                    Translocation                1
Comestibles
 c - 18 rations


   Skills:
 + Level 6.7 Fighting
 * Level 12.4 Axes
 + Level 6.2 Armour
 + Level 4.8 Dodging
 - Level 2.5 Shields
 + Level 10.3 Invocations


You had 10 spell levels left.
You didn't know any spells.

Dungeon Overview and Level Annotations

Branches:
Dungeon (11/15)            Temple (0/1) D:7            Lair (0/6) D:9
    Orc: D:9-12

Altars:
Elyvilon
Yredelemnul

Shops:
D:6 *

Annotations:
D:11 Gastronok


Innate Abilities, Weirdness & Mutations

You cannot be hasted, slowed, berserked, paralysed or teleported.
You can dig through walls and to a lower floor.
Your four strong arms can wield two-handed weapons with a shield.
You have a pair of large antennae on your head. (SInv)


Message History

You hit Gastronok but do no damage.
Gastronok is lightly wounded.
You block Gastronok's attack.
You slice Gastronok!!
Gastronok is moderately wounded.
Gastronok waves his eye-stalks in wide circles.
The air twists around and strikes you!
You slash Gastronok!
Gastronok is moderately wounded.
You slash Gastronok!
Gastronok is moderately wounded.
Gastronok bites you.
* * * LOW HITPOINT WARNING * * *
You slice Gastronok!!
Gastronok is heavily wounded.
You slash Gastronok!
Gastronok is heavily wounded.
Gastronok waves his eye-stalks in wide circles.
The air twists around and strikes you!
You die...

#.# ##.##########
#.#####.#..........
#......###.....###.
###...## ##.##.# #.
#.##.###.###.###. #.#
#.#..........
###.#####.####.###.#?###.
......Yw†......###.#.# #.
###.####@.#######....# #.
#.## ###....###.
#.######.......##.
#................. ##
#..#####.......###
....###..# ###...###
#......# #...#####
#.###.## ##....... #. #.
#.# #.######


You could see Gastronok and a yak.

Vanquished Creatures
  Fannar (D:11)
  Erolcha (D:9)
  Maurice (D:9)
  Joseph (D:9)
  A gargoyle (D:11)
  A hornet (D:9)
  A hippogriff (D:8)
  9 yaks
  A wyvern (D:8)
  3 hogs (D:10)
  A human (D:10)
  A soldier ant (D:11)
  2 hell hounds (D:9)
  2 water moccasins
  3 sky beasts
  2 ice beasts
  2 orc warriors (D:10)
  A black bear (D:9)
  2 ogres
  A phantom (D:5)
  4 necrophages
  2 centaurs
  Blork the orc (D:4)
  6 big kobolds
  2 crocodiles
  5 bullfrogs
  4 scorpions
  3 killer bees (D:7)
  4 wights (D:6)
  4 howler monkeys
  5 crimson imps
  A quasit (D:7)
  3 jellies
  A centaur zombie (D:6)
  A bullfrog skeleton (D:8)
  2 hounds (D:5)
  2 orc priests
  3 orc wizards
  2 worker ants
  3 centaur skeletons
  5 iguanas
  Natasha (thrice) (D:3)
  A hound zombie (D:6)
  A worker ant zombie (D:7)
  A howler monkey skeleton (D:7)
  7 gnolls
  10 adders
  An adder zombie (D:9)
  An adder skeleton (D:9)
  3 worms
  2 dart slugs (D:1)
  7 leopard geckos
  18 orcs
  A giant cockroach (D:1)
  7 hobgoblins
  9 jackals
  3 quokkas
  8 bats
  2 frilled lizards
  5 goblins
  A jackal skeleton (D:6)
  39 kobolds
  A leopard gecko zombie (D:7)
  4 rats
235 creatures vanquished.

Vanquished Creatures (others)
  A vampire (D:11)
  A killer bee (D:6)
2 creatures vanquished.

Grand Total: 237 creatures vanquished

Notes
Turn   | Place    | Note
-------+----------+-------------------------------------------
     0 | Abyss:1  | shakethe the Formicid Abyssal Knight began the quest for the Orb.
     0 | Abyss:1  | Reached XP level 1. HP: 18/18 MP: 2/2
    22 | D:1      | Escaped the Abyss
   205 | D:1      | Reached XP level 2. HP: 24/24 MP: 3/3
   206 | D:1      | Reached * piety under Lugonu
   656 | D:2      | Reached skill level 3 in Axes
   733 | D:2      | Reached XP level 3. HP: 25/29 MP: 4/4
  1156 | D:2      | Reached XP level 4. HP: 35/35 MP: 5/5
  1395 | D:1      | Reached skill level 4 in Axes
  2169 | D:2      | Reached XP level 5. HP: 28/41 MP: 7/7
  2392 | D:3      | Reached ** piety under Lugonu
  2446 | D:3      | Noticed Natasha
  2451 | D:3      | Reached skill level 5 in Axes
  2712 | D:3      | Killed Natasha
  2712 | D:3      | Reached XP level 6. HP: 33/47 MP: 8/8
  2750 | D:3      | Noticed Natasha
  2763 | D:3      | Killed Natasha
  2788 | D:3      | Noticed Natasha
  2935 | D:3      | Killed Natasha
  3390 | D:3      | Found a white marble altar of Elyvilon.
  3704 | D:4      | Noticed Blork the orc
  3733 | D:4      | Killed Blork the orc
  3733 | D:4      | Reached skill level 6 in Axes
  3733 | D:4      | Reached XP level 7. HP: 35/52 MP: 10/10
  4021 | D:5      | Entered Level 5 of the Dungeon
  4133 | D:5      | Reached skill level 5 in Invocations
  4631 | D:5      | Reached skill level 7 in Axes
  4802 | D:5      | Reached XP level 8. HP: 29/58 MP: 12/12
  5057 | D:5      | Identified Sif Muna's Compendium of Lightness and Heat
  5796 | D:6      | Reached skill level 8 in Axes
  5810 | D:6      | Reached skill level 1 in Shields
  6634 | D:5      | You fall through a shaft!
  6662 | D:6      | Reached *** piety under Lugonu
  6898 | D:6      | Found Doush's Assorted Antiques.
  7188 | D:6      | Reached XP level 9. HP: 49/64 MP: 14/14
  7559 | D:7      | Reached skill level 9 in Axes
  8867 | D:7      | Found a staircase to the Ecumenical Temple.
  8893 | D:7      | Reached skill level 10 in Axes
  9376 | D:7      | Reached **** piety under Lugonu
  9385 | D:7      | Reached skill level 1 in Dodging
  9613 | D:8      | Reached XP level 10. HP: 42/71 MP: 16/16
  9780 | D:8      | Noticed a two-headed ogre
  9788 | D:8      | Banished a two-headed ogre
 10539 | D:9      | Reached skill level 11 in Axes
 10682 | D:9      | Noticed Maurice
 10710 | D:9      | Killed Maurice
 10804 | D:9      | Reached skill level 5 in Fighting
 10834 | D:9      | Noticed Joseph
 10843 | D:9      | Killed Joseph
 10997 | D:9      | Found a staircase to the Lair.
 11113 | D:9      | Noticed Erolcha
 11124 | D:9      | Killed Erolcha
 11124 | D:9      | Reached XP level 11. HP: 53/80 MP: 18/18
 11149 | D:9      | Reached skill level 5 in Armour
 11749 | D:9      | Found a basalt altar of Yredelemnul.
 11978 | D:10     | Entered Level 10 of the Dungeon
 12375 | D:10     | Reached ***** piety under Lugonu
 12614 | D:10     | Reached skill level 12 in Axes
 13025 | D:11     | Reached skill level 10 in Invocations
 13789 | D:11     | Noticed Fannar
 13806 | D:11     | Killed Fannar
 14186 | D:11     | Noticed Gastronok
 14212 | D:11     | Killed from afar by Gastronok

Skill      XL: |  1  2  3  4  5  6  7  8  9 10 11 |
---------------+----------------------------------+-----
Axes           | 3 4 5 6 7 8 10 11 12 | 12.4
Invocations    | 3 4 5 6 8 9 10 | 10.3
Shields        | 2 |  2.5
Dodging        | 1 3 4 |  4.8
Fighting       | 5 6 |  6.7
Armour         | 4 6 |  6.2

Action                   |  1- 3 |  4- 6 |  7- 9 | 10-12 || total
-------------------------+-------+-------+-------+-------++-------
Melee: Hand axe          |    94 |   169 |   279 |       ||   542
       Battleaxe         |       |       |   125 |   347 ||   472
Invok: Depart the Abyss  |     1 |       |       |       ||     1
       Bend Space        |       |       |     1 |     1 ||     2
       Banish            |       |       |     1 |     3 ||     4
 Abil: Dig               |       |       |     1 |       ||     1
  Use: Potion            |       |       |     7 |       ||     7
       Scroll            |       |       |    11 |     2 ||    13
  Eat: Chunk             |     1 |     7 |     7 |    12 ||    27
       Ration            |       |       |     4 |     1 ||     5
Armor: Leather armour    |    60 |     8 |       |       ||    68
       Scale mail        |       |    47 |   184 |       ||   231
       Plate armour      |       |       |     5 |   246 ||   251
Dodge: Dodged            |    73 |    86 |   200 |   105 ||   464
Block: Buckler           |       |       |    50 |    68 ||   118
